 Dungeon Crawl Stone Soup version 0.30-a0-250-g41c1d76940 (webtiles) character file.

Game seed: 15119279919389942644

38898 barakagiga the Fighter (level 14, -13/153 HPs)
             Began as an Ogre Berserker on Oct 12, 2022.
             Was a High Priest of Trog.
             Mangled by a death scarab (19 damage)
             ... summoned by an orange crystal statue
             ... in a Gauntlet.
             The game lasted 01:17:18 (18351 turns).

barakagiga the Fighter (Ogre Berserker)            Turns: 18351, Time: 01:17:18

Health: -13/153    AC:  9    Str: 28    XL:     14   Next: 4%
Magic:  1/14       EV: 11    Int:  8    God:    Trog [*****.]
Gold:   1130       SH:  0    Dex:  8    Spells: 13/13 levels left

rFire   + . .      SeeInvis .    p - +5 giant spiked club (spect)
rCold   + . .      Faith    .    (shield currently unavailable)
rNeg    . . .      Spirit   .    L - +0 troll leather armour
rPois   .          Reflect  .    (helmet restricted)
rElec   .          Harm     .    V - scarf {rC+ rF+}
rCorr   +          Rampage  .    (gloves unavailable)
Will    +++..      NoTele   +    (boots unavailable)
Stlth   +.........               H - amulet of regeneration
HPRegen 3.05/turn                R - ring of resist corrosion
MPRegen 0.14/turn                l - +4 ring of protection

@: strong-willed, regenerating, slowed, very slow
A: large, unfitting armour, tough skin 1
a: Renounce Religion, Berserk, Trog's Hand, Brothers in Arms


You were in a Gauntlet.
You worshipped Trog.
Trog was extremely pleased with you.
You visited 3 branches of the dungeon, and saw 16 of its levels.
You also visited: Ossuary, Gauntlet and Ice Cave.

You collected 1130 gold pieces.

Inventory:

Hand Weapons
 m - a +3 mace of protection
 p - a +5 spectral giant spiked club (weapon)
 y - a +0 giant club of flaming
 B - a +0 great mace
 D - a +1 whip of freezing
 U - a +0 giant spiked club
Missiles
 x - 65 stones
 S - 16 large rocks
 W - 6 javelins (quivered)
Armour
 i - an orb of energy
 u - a scarf of harm
 E - a +1 robe of fire resistance
 L - a +0 troll leather armour (worn)
 V - a scarf of resistance (worn)
Jewellery
 d - a ring of positive energy
 l - a +4 ring of protection (right hand)
 n - an amulet of guardian spirit
 o - a ring of see invisible
 s - a ring of willpower
 A - a +6 ring of intelligence
 F - a ring of ice
 G - a ring of protection from fire
 H - an amulet of regeneration (around neck)
 P - a ring of magical power
 R - a ring of resist corrosion (left hand)
 Y - a ring of ice
Wands
 q - a wand of flame (31)
 v - a wand of digging (9)
 K - a wand of light (4)
 N - a wand of paralysis (14)
Scrolls
 b - 2 scrolls of silence
 c - 6 scrolls of identify
 g - 3 scrolls of blinking
 X - 2 scrolls of teleportation
Potions
 a - 2 potions of might
 f - 6 potions of curing
 h - 5 potions of magic
 j - a potion of experience {unknown}
 k - a potion of resistance
 r - 4 potions of haste
 t - 2 potions of flight
 w - 2 potions of berserk rage
 z - 4 potions of invisibility
 C - a potion of cancellation
 J - 9 potions of ambrosia
Miscellaneous
 e - a condenser vane


   Skills:
 + Level 13.1 Fighting
 * Level 12.9(13.1) Maces & Flails
 - Level 4.4(10.1) Staves
 + Level 10.6 Throwing
 + Level 4.2 Armour
 - Level 9.3 Dodging
 * Level 5.7 Evocations


You had 13 spell levels left.
You didn't know any spells.
Your spell library contained the following spells:

 Spells                   Type           Power      Damage    Failure   Level
 Portal Projectile        Hex/Tloc       0%         N/A       82%         3
 Tukima's Dance           Hex            0%         N/A       82%         3
 Blade Hands              Tmut           0%         N/A       100%        5


Dungeon Overview and Level Annotations

Branches:
Dungeon (13/15)            Temple (1/1) D:5            Lair (0/5) D:11
    Orc (2/2) D:9             Elf (0/3) Orc:2        Vaults (0/5) D:13
Ossuary (visited)           IceCv (visited)         Gauntlet (1/1)

Altars:
Ashenzari
Cheibriados
Dithmenos
Elyvilon
Fedhas
Gozag
Hepliaklqana
Kikubaaqudgha
Makhleb
Nemelex Xobeh
Okawaru
Qazlal
Ru
Sif Muna
Trog
Uskayaw
Vehumet
Wu Jian
Xom
Yredelemnul
Zin
The Shining One

Annotations:
D:5 1 runed translucent door, Tenar's ghost, novice FoFi
D:12 exclusion: downstairs Gauntlet 9 transporters, exclusion: orange crystal statue


Innate Abilities, Weirdness & Mutations

You are too large for most types of armour.
You have tough skin. (AC +1)


Message History

The death scarab draws strength from your injuries!
The death scarab bites you!! The death scarab drains your vigour!
You feel as though you will be slow longer.
The death scarab draws strength from your injuries!
The fire crab bites you.
You are engulfed in flames.
You resist.
* * * LOW HITPOINT WARNING * * *
The fire crab claws you.
* * * LOW HITPOINT WARNING * * *
You are engulfed in flames.
You resist.
* * * LOW HITPOINT WARNING * * *
The orange crystal statue fixes its piercing gaze on you.
You feel your power leaking away. The death scarab bites you!
* * * LOW HITPOINT WARNING * * *
The death scarab draws strength from your injuries!
The fire crab bites you but does no damage.
The fire crab closely misses you.
The orange crystal statue fixes its piercing gaze on you.
Blink to where?
Press: ? - help, Dir - move target
As you read the scroll of blinking, it crumbles to dust.
Blink to where?
Press: ? - help, Dir - move target
As you read the scroll of blinking, it crumbles to dust.
The death scarab bites you!
* * * LOW HITPOINT WARNING * * *
The death scarab draws strength from your injuries!
You feel better. The death scarab bites you!!
* * * LOW HITPOINT WARNING * * *
The death scarab draws strength from your injuries!
The death scarab closely misses you.
Your skin crawls.
You feel strong-willed. The death scarab bites you!
* * * LOW HITPOINT WARNING * * *
The death scarab drains your vigour!
You feel as though you will be slow longer.
The death scarab draws strength from your injuries!
You fail to use your ability.
The death scarab bites you!!
You die...

##≈.#..##.#.#.≈##
##.#....##.#.## ##
##≈.#.[.©...#..###≈##
#≈≈.#########...#≈≈≈#
##≈....#©..8#...#...#
##..8.#...©#.8.#....
##≈....#©..8#.⌠.#.8.#
#≈≈.#########.8.#.©.#
##≈.#.B@....#...#.8..
##.#.t.....#...#.©.#
##≈.#.#####.#.8.#.8.#
#≈≈.#...©...#.∩.#.©..
##≈.#.#####.#.8.#.8.#
##.#...8X..#...#.©.#
##≈.#.=t©?..#...#.8..
#≈≈.#########.8.#.©.#
##≈....#©..8#.⌠.#.8.#


You could see an orange crystal statue, a fire crab (summoned), a large
abomination (summoned) and a death scarab (summoned).

Vanquished Creatures
  An anaconda (shapeshifter) (D:13)
  A hydra (D:13)
  A boulder beetle (D:11)
  3 centaur warriors (D:13)
  6 death yaks (IceCv)
  4 two-headed ogres
  Urug (D:13)
  Pikel (D:4)
  5 cyclopes
  An ugly thing (D:12)
  An oklob plant (Gauntlet)
  A manticore (D:12)
  An ice statue (IceCv)
  3 gargoyles
  3 rime drakes (IceCv)
  An unseen horror (D:10)
  7 trolls
  A komodo dragon (D:11)
  A queen bee (D:13)
  3 meliai (D:13)
  Grinder (D:3)
  2 hornets (Gauntlet)
  3 polar bears (IceCv)
  Prince Ribbit (D:9)
  Sigmund (D:4)
  A shadow (D:10)
  2 wraiths
  3 vampires
  2 wyverns
  11 yaks
  Eustachio (D:4)
  Grum (D:9)
  A steam dragon (D:7)
  6 vampire mosquitoes
  16 humans (D:13)
  A warg (Orc:1)
  2 acid dragons
  3 water moccasins
  2 black bears (D:7)
  19 orc warriors
  4 sky beasts
  An ice beast (D:6)
  5 ogres
  6 wolves
  9 centaurs
  6 kobold brigands
  2 lemures (D:4)
  A phantom (D:5)
  An elf zombie (Ossuary)
  A bullfrog (D:7)
  3 gnoll sergeants (D:9)
  4 scorpions
  2 two-headed ogre simulacra (D:13)
  5 wights (D:8)
  30 killer bees
  An elephant simulacrum (D:13)
  5 howler monkeys
  3 human zombies (Ossuary)
  3 jellies
  A hound (D:6)
  23 orc priests
  An iron imp (D:8)
  Ijyb (D:3)
  Jessica (D:3)
  9 iguanas
  31 orc wizards
  Natasha (D:4)
  A polar bear simulacrum (D:13)
  A spriggan simulacrum (D:13)
  3 troll simulacra (D:13)
  3 mummies
  5 gnolls
  6 adders
  2 white imps (D:6)
  2 ufetubi
  2 dart slugs
  44 orcs
  2 bats (D:1)
  7 endoplasms
  4 giant cockroaches
  4 goblins
  2 hobgoblins (D:2)
  6 jackals
  6 kobolds
  3 quokkas
  10 ball pythons
  4 frilled lizards
  A goblin skeleton (D:8)
  4 goblin zombies
  13 hobgoblin zombies
  3 jackal zombies (Ossuary)
  A kobold skeleton (D:8)
  11 kobold zombies (Ossuary)
  6 orc zombies (Ossuary)
  2 rats
  2 rat zombies (Ossuary)
445 creatures vanquished.

Vanquished Creatures (collateral kills)
  A frost giant (IceCv)
  4 rime drakes (IceCv)
  2 polar bears (IceCv)
  4 yaks (IceCv)
  5 wolves (IceCv)
16 creatures vanquished.

Grand Total: 461 creatures vanquished

Notes
Turn   | Place    | Note
-------+----------+-------------------------------------------
     0 | D:1      | barakagiga the Ogre Berserker began the quest for the Orb.
     0 | D:1      | Reached XP level 1. HP: 24/24 MP: 1/1
   186 | D:1      | Reached XP level 2. HP: 32/32 MP: 2/2
  1179 | D:2      | Reached XP level 3. HP: 39/40 MP: 3/3
  1445 | D:3      | Noticed Ijyb
  1463 | D:3      | Killed Ijyb
  1464 | D:3      | Reached XP level 4. HP: 32/49 MP: 4/4
  1556 | D:3      | Noticed Grinder
  1585 | D:3      | Killed Grinder
  1585 | D:3      | Reached ** piety under Trog
  1586 | D:3      | Reached skill level 5 in Fighting
  1586 | D:3      | Reached XP level 5. HP: 27/57 MP: 2/5
  1586 | D:3      | Reached XP level 6. HP: 32/66 MP: 2/6
  2007 | D:3      | Noticed Jessica
  2013 | D:3      | Killed Jessica
  2014 | D:3      | Reached skill level 5 in Maces & Flails
  2131 | D:3      | Found a sacrificial altar of Ru.
  2710 | D:4      | Noticed Eustachio
  2723 | D:4      | Killed Eustachio
  2724 | D:4      | Reached skill level 6 in Fighting
  2724 | D:4      | Reached skill level 1 in Throwing
  2724 | D:4      | Reached XP level 7. HP: 64/75 MP: 4/7
  2894 | D:4      | Found a snail-covered altar of Cheibriados.
  3018 | D:4      | Noticed Natasha
  3030 | D:4      | Killed Natasha
  3245 | D:4      | Noticed Sigmund
  3324 | D:4      | Killed Sigmund
  3325 | D:4      | Reached XP level 8. HP: 65/84 MP: 6/8
  3481 | D:4      | Noticed Pikel
  3536 | D:4      | Killed Pikel
  3537 | D:4      | Reached skill level 7 in Fighting
  3537 | D:4      | Reached skill level 5 in Dodging
  4084 | D:4      | Found an opulent altar of Gozag.
  4087 | D:4      | Found a burning altar of Makhleb.
  4479 | D:5      | Entered Level 5 of the Dungeon
  4508 | D:5      | Found a runed translucent door.
  4508 | D:5      | Noticed Tenar's ghost (novice FoFi)
  4603 | D:5      | Found a bloodstained altar of Trog.
  4917 | D:5      | Reached skill level 5 in Throwing
  4917 | D:5      | Reached XP level 9. HP: 62/93 MP: 7/9
  5391 | D:5      | Reached *** piety under Trog
  5558 | D:5      | Found a staircase to the Ecumenical Temple.
  5801 | Temple   | Entered the Ecumenical Temple
  5931 | D:6      | Reached skill level 1 in Staves
  5983 | D:6      | Found a shimmering blue altar of Sif Muna.
  6001 | D:6      | Reached skill level 1 in Evocations
  6015 | D:6      | Reached skill level 1 in Armour
  6056 | D:6      | Found a sand-covered staircase.
  6070 | Ossuary  | Entered an ossuary
  6477 | Ossuary  | Reached **** piety under Trog
  6495 | Ossuary  | Reached skill level 8 in Fighting
  6655 | D:6      | Noticed a two-headed ogre
  6670 | D:6      | Killed a two-headed ogre
  6838 | D:6      | Reached XP level 10. HP: 98/105 MP: 8/10
  7488 | D:7      | Found an iron altar of Okawaru.
  8415 | D:8      | Found a glowing golden altar of the Shining One.
  8432 | D:8      | Reached ***** piety under Trog
  8993 | D:9      | Noticed Grum
  9111 | D:8      | Reached skill level 9 in Fighting
  9202 | D:9      | Killed Grum
  9353 | D:9      | Found a hide-covered altar of Uskayaw.
  9563 | D:9      | Found a blossoming altar of Fedhas.
  9748 | D:9      | Found a staircase to the Orcish Mines.
  9814 | D:9      | Noticed Prince Ribbit
  9827 | D:9      | Killed Prince Ribbit
  9828 | D:9      | Reached XP level 11. HP: 39/115 MP: 7/11
 11397 | D:10     | Entered Level 10 of the Dungeon
 11483 | D:10     | Found a shadowy altar of Dithmenos.
 11689 | D:10     | Reached skill level 5 in Evocations
 12931 | D:11     | Found a staircase to the Lair.
 13095 | D:11     | Noticed a boulder beetle
 13121 | D:11     | Killed a boulder beetle
 13122 | D:11     | Reached skill level 10 in Fighting
 13155 | D:11     | Identified the +8 chain mail of Qorirr {Int+4}
 13164 | D:11     | Received a gift from Trog
 13525 | Orc:1    | Entered Level 1 of the Orcish Mines
 13732 | Orc:1    | Reached skill level 10 in Maces & Flails
 13921 | D:9      | Reached XP level 12. HP: 109/127 MP: 12/12
 14254 | D:12     | Noticed a two-headed ogre
 14385 | D:12     | Found a radiant altar of Vehumet.
 14578 | D:12     | Killed a two-headed ogre
 14579 | D:12     | Reached skill level 11 in Fighting
 15396 | D:13     | Noticed a centaur warrior
 15396 | D:13     | Noticed a two-headed ogre
 15396 | D:13     | Noticed a seven-headed hydra
 15396 | D:13     | Noticed Urug
 15396 | D:13     | Noticed a two-headed ogre
 15396 | D:13     | Found a gate to the Vaults.
 15402 | D:12     | Killed a two-headed ogre
 15470 | D:13     | Found a frozen archway.
 15488 | IceCv    | Entered an ice cave
 15563 | IceCv    | Noticed a death yak
 15601 | IceCv    | Killed a death yak
 15672 | IceCv    | Received a gift from Trog
 15818 | IceCv    | Noticed a death yak
 15838 | IceCv    | Killed a death yak
 16079 | IceCv    | Reached XP level 13. HP: 139/139 MP: 13/13
 16119 | IceCv    | Reached skill level 12 in Fighting
 16246 | IceCv    | Noticed a frost giant
 16628 | IceCv    | Killed a frost giant
 17106 | D:13     | Reached skill level 10 in Throwing
 17177 | D:13     | Killed Urug
 17587 | D:13     | Reached skill level 13 in Fighting
 17906 | Orc:2    | Entered Level 2 of the Orcish Mines
 18049 | Orc:2    | Identified the +5 quarterstaff "Kydij" {flame, *Slow rC+
                  | Will++ rCorr} (Trog gifted it to you on level 2 of the
                  | Orcish Mines)
 18049 | Orc:2    | Received a gift from Trog
 18071 | Orc:2    | Found a staircase to the Elven Halls.
 18085 | Orc:2    | Found a gate leading to a gauntlet.
 18099 | Orc:2    | Reached XP level 14. HP: 148/153 MP: 14/14
 18105 | Gauntlet | Entered a Gauntlet
 18105 | Gauntlet | Found a transporter.
 18105 | Gauntlet | Found a runed translucent door.
 18113 | Gauntlet | Found a runed translucent door.
 18115 | Gauntlet | Found a transporter.
 18118 | Gauntlet | Found a transporter.
 18119 | Gauntlet | Found a transporter.
 18127 | Gauntlet | Found a transporter.
 18130 | Gauntlet | Found a transporter.
 18131 | Gauntlet | Found a transporter.
 18142 | Gauntlet | Found a transporter.
 18142 | Gauntlet | Found a transporter.
 18143 | Gauntlet | Found a transporter.
 18151 | Gauntlet | Found a transporter.
 18154 | Gauntlet | Found a transporter.
 18155 | Gauntlet | Found a transporter.
 18163 | Gauntlet | Found a transporter.
 18350 | Gauntlet | HP: 1/153 [death scarab[an orange crystal statue] (17)]
 18351 | Gauntlet | Mangled by a death scarab

Illustrated notes

Levels and vault maps discovered:
D:1:      dpeg_arrival_water_fire, layout_basic
D:2:      layout_rooms, serial_bayou_ford_a, minmay_joined_circles
D:3:      layout_basic, mainiacjoe_overflow_concentric_impassable,
          minmay_misc_feat_square, kennysheep_orc_chapel, uniq_ijyb,
          uniq_jessica, uniq_grinder
D:4:      layout_basic, nicolae_overflow_hidden_temple, uniq_pikel,
          uniq_natasha, uniq_sigmund, uniq_eustachio
D:5:      layout_gridville, mainiacjoe_overflow_small_starburst,
          lemuel_temple_firewalk_b, hellmonk_ghost_happy_afterlife,
          minmay_misc_feat_plants, st_stairs_11, chequers_serial_rivers_micro_d,
          minmay_misc_feat_doors
D:6:      layout_basic, kennysheep_mini_moat, gup_ossuary_entry_pyramid
D:7:      layout_rooms, okawaru_ov_weapons_minmay
D:8:      layout_basic, nicolae_tso_besieged_by_evil
D:9:      layout_basic, mainiacjoe_overflow_alcove_1,
          nicolae_uskayaw_dance_hall, kennysheep_orc_monster_closet_entryway,
          feat_on_display, uniq_prince_ribbit1, uniq_grum
D:10:     layout_small_grid, grunt_dithmenos_smoke
D:11:     layout_gridville, lair_entry_dummy
D:12:     layout_gridville, nicolae_vehumet_altar_sigil
D:13:     layout_roguey, david_vaults_3, portal_ice_cave_entry_ice_simulacra,
          minivault_7
Temple:   minmay_freezing_vapour_temple
Orc:1:    layout_diamond_mine
Orc:2:    st_orc_open, layout_diamond_mine, basic_altar, gauntlet_entry_generic
Gauntlet: gammafunk_gauntlet_77_escape_option [minmay_gauntlet_arena_77_cramped,
          minmay_gauntlet_arena_77_hold_the_fort,
          minmay_gauntlet_arena_77_chump_sandwich,
          minmay_gauntlet_arena_77_block_sizes, minmay_gauntlet_arena_77_fan,
          gauntlet_exit_green]

Skill      XL: |  1  2  3  4  5  6  7  8  9 10 11 12 13 |
---------------+----------------------------------------+-----
Maces & Flails | 3 4 5 7 8 10 11 12 | 12.9
Dodging        | 3 4 5 6 7 8 9 |  9.3
Fighting       | 5 6 7 8 9 10 11 13 | 13.1
Throwing       | 1 2 5 6 7 8 10 | 10.6
Staves         | 2 3 4 |  4.4
Evocations     | 2 4 5 |  5.7
Armour         | 1 3 4 |  4.2

Action                   |  1- 3 |  4- 6 |  7- 9 | 10-12 | 13-15 || total
-------------------------+-------+-------+-------+-------+-------++-------
Melee: Mace              |    77 |    72 |   411 |   977 |   437 ||  1974
       Punch             |       |     1 |     3 |     8 |     4 ||    16
       Giant club        |       |       |       |     1 |       ||     1
       Giant spiked club |       |       |       |       |    18 ||    18
Throw: Stone             |       |       |     5 |    43 |       ||    48
       Large rock        |       |       |       |       |    11 ||    11
       Javelin           |       |       |       |       |     7 ||     7
Invok: Berserk           |       |       |     3 |    10 |     2 ||    15
       Trog's Hand       |       |       |       |     1 |     1 ||     2
       Brothers in Arms  |       |       |       |     2 |     2 ||     4
Evoke: Wand              |       |       |     4 |     4 |       ||     8
  Use: Scroll            |       |       |    14 |     6 |    11 ||    31
       Potion            |       |       |     6 |     3 |     2 ||    11
 Stab: Distracted        |       |       |       |       |     2 ||     2
Armor: Animal skin       |    34 |    34 |    70 |       |       ||   138
       Robe              |       |       |   131 |   199 |       ||   330
       Troll leather arm |       |       |       |   386 |   247 ||   633
Dodge: Dodged            |    32 |    30 |   170 |   646 |   253 ||  1131

Table legend: (Time is in decaauts)
 A = Elapsed time spent in this place.
 B = Non-inter-level travel time spent in this place.
 C = Inter-level travel time spent in this place.
 D = Time resting spent in this place.
 E = Time spent auto-exploring this place.
 F = Levels seen in this place.
 G = Mean time per level.
                   A        B        C        D        E       F      G
               +--------+--------+--------+--------+--------+-----+--------+
         Total |  18407 |  17482 |    925 |   3055 |   9339 |  19 |  968.8 |
       Dungeon |  15560 |  14681 |    879 |   2732 |   8461 |  13 | 1196.9 |
        Temple |     42 |     42 |      0 |      0 |     11 |   1 |   42.0 |
  Orcish Mines |    744 |    699 |     45 |     37 |    329 |   2 |  372.0 |
       Ossuary |    520 |    520 |      0 |      0 |    140 |   1 |  520.0 |
      Ice Cave |   1289 |   1289 |      0 |    285 |    387 |   1 | 1289.0 |
      Gauntlet |    250 |    250 |      0 |      0 |     11 |   1 |  250.0 |
               +--------+--------+--------+--------+--------+-----+--------+

Top non-repeatable levels by time:
     D:9: 2139 daAuts
     D:4: 1909 daAuts
     D:8: 1647 daAuts
     D:5: 1347 daAuts
     D:3: 1337 daAuts
    D:10: 1331 daAuts
   IceCv: 1289 daAuts
    D:11: 1101 daAuts
    D:13: 1072 daAuts
     D:6: 961 daAuts
    D:12: 900 daAuts
     D:1: 857 daAuts
   Orc:1: 639 daAuts
 Ossuary: 520 daAuts
     D:7: 483 daAuts
